 Dungeon Crawl Stone Soup version 0.28.0-53-g5a82cb258f (webtiles) character file.

Game seed: 12968533522082520171

3504 Zeld the Thaumaturge (level 9, -2/45 HPs)
             Began as a Deep Elf Conjurer on May 24, 2022.
             Was a Follower of Vehumet.
             Slain by a gnoll sergeant
             ... wielding a +0 trident
              (7 damage)
             ... on level 8 of the Dungeon.
             The game lasted 00:10:38 (14972 turns).

Zeld the Thaumaturge (Deep Elf Conjurer)           Turns: 14972, Time: 00:10:38

Health: -2/45      AC:  4    Str:  4    XL:     9   Next: 80%
Magic:  4/29       EV: 12    Int: 28    God:    Vehumet [*.....]
Gold:   192        SH:  0    Dex: 13    Spells: 25/36 levels left

rFire   . . .      SeeInvis .   k - +0 whip (venom)
rCold   . . .      Faith    .   (no shield)
rNeg    . . .      Spirit   .   a - +0 robe
rPois   .          Reflect  .   (no helmet)
rElec   .          Harm     .   (no cloak)
rCorr   .          Rampage  .   q - +0 pair of gloves
Will    .....                   d - +0 pair of boots
Stlth   ++........              (no amulet)
HPRegen 0.15/turn               (no ring)
MPRegen 0.21/turn               (no ring)

@: no status effects
A: no striking features
a: Renounce Religion


You were on level 8 of the Dungeon.
You worshipped Vehumet.
Vehumet was aware of your devotion.
You visited 2 branches of the dungeon, and saw 9 of its levels.
You also visited: Ossuary.

You collected 277 gold pieces.
You spent 85 gold pieces at shops.

Inventory:

Hand Weapons
 k - a +0 whip of venom (weapon)
Armour
 a - a +0 robe (worn)
 d - a +0 pair of boots (worn)
 q - a +0 pair of gloves (worn)
Wands
 n - a wand of paralysis (8)
 s - a wand of digging (8)
 y - a wand of mindburst (8)
Scrolls
 b - 3 scrolls of blinking {unknown}
 c - 2 scrolls of enchant armour {unknown}
 e - 2 scrolls of enchant weapon {unknown}
 f - a scroll of immolation {unknown}
 h - a scroll of summoning {unknown}
 j - 5 scrolls of identify {unknown}
 p - 3 scrolls of fog {unknown}
 t - a scroll of vulnerability {unknown}
 v - 3 scrolls of fear {unknown}
 A - a scroll of acquirement {unknown}
 B - a scroll of teleportation {unknown}
Potions
 g - 4 potions of heal wounds {unknown}
 i - 2 potions of brilliance {unknown}
 l - 7 potions of degeneration {unknown}
 m - a potion of haste {unknown}
 o - 2 potions of flight {unknown}
 r - 2 potions of cancellation {unknown}
 u - a potion of might {unknown}
 w - a potion of curing {unknown}
 x - a potion of lignification {unknown}
 z - a potion of ambrosia {unknown}


   Skills:
 - Level 2.4 Dodging
 - Level 2.4 Stealth
 - Level 14.0 Spellcasting
 * Level 10.6 Conjurations
 - Level 2.0 Hexes
 - Level 2.0 Translocations


You had 25 spell levels left.
You knew the following spells:

 Your Spells              Type           Power      Damage    Failure   Level
a - Magic Dart            Conj           100%       1d8       1%          1
b - Searing Ray           Conj           100%       2d8       1%          2
c - Fulminant Prism       Conj/Hex       26%        3d14      1%          4
d - Iskenderun's Mystic   Conj/Tloc      53%        2d11      1%          4

Your spell library contained the following spells:

 Spells                   Type           Power      Damage    Failure   Level
 Freeze                   Ice            76%        1d9       2%          1
 Dazzling Flash           Conj/Hex       100%       N/A       1%          3


Dungeon Overview and Level Annotations

Branches:
Dungeon (8/15)             Temple (1/1) D:6         Ossuary (visited)
   Lair: D:8-11

Altars:
Ashenzari
Cheibriados
Dithmenos
Elyvilon
Fedhas
Gozag
Hepliaklqana
Makhleb
Okawaru
Qazlal
Ru
Trog
Uskayaw
Vehumet
Wu Jian
Xom
Zin
The Shining One

Shops:
D:1 [


Message History

Confirm with . or Enter, or press ? or * to list all spells.
You erupt in a blast of force!
The mystic blast hits the gnoll!
You kill the gnoll!
Vehumet accepts your kill.
The mystic blast hits the komodo dragon!
The komodo dragon is heavily wounded.
The komodo dragon is knocked back by the mystic blast.
The mystic blast hits the gnoll sergeant!
The gnoll sergeant is moderately wounded.
The gnoll sergeant is knocked back by the mystic blast.
The gnoll sergeant slams into the rock wall!
The gnoll sergeant is severely wounded.
The mystic blast hits the gnoll!
The gnoll is severely wounded.
The gnoll is knocked back by the mystic blast.
The gnoll slams into the rock wall!
The gnoll is almost dead.
Unknown command.
Unknown command.
Casting: Iskenderun's Mystic Blast (dangerous; 1% risk of failure)
Confirm with . or Enter, or press ? or * to list all spells.
You don't have enough magic to cast this spell.
Unknown command.
Unknown command.
You barely miss the gnoll.
The gnoll is almost dead.
The gnoll sergeant closely misses you. The gnoll hits you with a +0 halberd.
You barely miss the gnoll.
The gnoll is almost dead.
The gnoll sergeant hits you from afar with a +0 trident.
The gnoll closely misses you. The gnoll hits you with a +0 flail.
The gnoll sergeant hits you from afar with a +0 trident!
* * * LOW HITPOINT WARNING * * *
You are too injured to fight recklessly!
The gnoll barely misses you.
There is a stone staircase leading up, spattered with blood here.
The orc hits you with a +1 flail of protection.
* * * LOW HITPOINT WARNING * * *
The gnoll sergeant hits you from afar with a +0 trident!
You die...

........# ........#
........# #.........#
.###.........#######
.[................#
###....#####.......#
............go.....#
###......l.ogg@.).)##.
..........)..).)......
######......[[.รท.##....
........o######### ...
##......##### . ..
.............###..
.#................
##..?............
.......g.........


You could see a komodo dragon (paralysed), a gnoll sergeant, 2 gnolls and 3
orcs.

Vanquished Creatures
  Prince Ribbit (D:7)
  A wyvern (D:7)
  3 yaks (D:8)
  2 orc warriors
  A hornet zombie (D:7)
  A sky beast (D:7)
  A black bear (D:5)
  2 ogres
  A necrophage (D:6)
  A phantom (D:6)
  A centaur (D:5)
  Blork the orc (D:5)
  2 scorpions (D:6)
  5 water moccasin zombies (Ossuary)
  A wyvern skeleton (D:7)
  A wyvern zombie (D:7)
  A water moccasin skeleton (D:7)
  4 wights (D:7)
  4 howler monkeys
  2 hounds
  7 orc priests
  A bullfrog zombie (D:7)
  Jessica (D:2)
  A bullfrog skeleton (D:3)
  2 iguanas (D:6)
  8 orc wizards
  A howler monkey zombie (D:7)
  3 mummies
  6 gnolls
  4 adders
  2 shadow imps
  A white imp (D:6)
  An ufetubus (D:5)
  5 adder zombies (Ossuary)
  3 worms
  A dart slug (D:4)
  28 orcs
  5 ball pythons
  9 endoplasms
  4 giant cockroaches
  9 goblins
  8 hobgoblins
  5 jackals
  6 quokkas
  6 bats
  5 frilled lizards
  A gnoll zombie (Ossuary)
  7 hobgoblin zombies (Ossuary)
  9 kobolds
  2 kobold zombies (Ossuary)
  3 orc zombies (Ossuary)
  5 rats
195 creatures vanquished.

Vanquished Creatures (others)
  24 plants
24 creatures vanquished.

Grand Total: 219 creatures vanquished

Notes
Turn   | Place    | Note
-------+----------+-------------------------------------------
     0 | D:1      | Zeld the Deep Elf Conjurer began the quest for the Orb.
     0 | D:1      | Reached XP level 1. HP: 10/10 MP: 6/6
    54 | D:1      | Reached skill level 1 in Hexes
   348 | D:1      | Reached skill level 1 in Translocations
   381 | D:1      | Reached XP level 2. HP: 15/15 MP: 1/8
   894 | D:1      | Learned a level 2 spell: Searing Ray
   904 | D:1      | Reached XP level 3. HP: 14/19 MP: 1/9
  1015 | D:1      | Found Uhacedgh's Antique Armour Emporium.
  1066 | D:1      | Bought a pair of gloves for 85 gold pieces
  1278 | D:1      | Found a faded altar of an unknown god.
  1927 | D:2      | Reached skill level 4 in Spellcasting
  2433 | D:2      | Reached XP level 4. HP: 14/24 MP: 2/12
  2669 | D:2      | Reached skill level 5 in Spellcasting
  2824 | D:2      | Noticed Jessica
  2832 | D:2      | Killed Jessica
  3398 | D:3      | Learned a level 4 spell: Fulminant Prism
  3403 | D:3      | Learned a level 4 spell: Iskenderun's Mystic Blast
  3850 | D:3      | Reached skill level 6 in Spellcasting
  4009 | D:3      | Reached XP level 5. HP: 28/28 MP: 10/15
  6301 | D:4      | Reached skill level 7 in Spellcasting
  6525 | D:4      | Reached XP level 6. HP: 24/32 MP: 18/18
  6747 | D:5      | Entered Level 5 of the Dungeon
  6751 | D:5      | Reached skill level 8 in Spellcasting
  6948 | D:5      | Noticed Blork the orc
  6957 | D:5      | Killed Blork the orc
  6958 | D:5      | Reached skill level 9 in Spellcasting
  7306 | D:5      | Reached XP level 7. HP: 5/36 MP: 17/22
  7617 | D:5      | Reached skill level 10 in Spellcasting
  8280 | D:6      | Found a sand-covered staircase.
  8290 | Ossuary  | Entered an ossuary
  8988 | Ossuary  | Reached skill level 11 in Spellcasting
  9218 | Ossuary  | Reached XP level 8. HP: 23/41 MP: 5/25
  9754 | D:6      | Reached skill level 12 in Spellcasting
 10633 | D:6      | Reached skill level 13 in Spellcasting
 11167 | D:6      | Found a staircase to the Ecumenical Temple.
 11486 | Temple   | Entered the Ecumenical Temple
 11571 | Temple   | Became a worshipper of Vehumet
 11785 | D:7      | Reached skill level 14 in Spellcasting
 12010 | D:7      | Reached skill level 5 in Conjurations
 12235 | D:7      | Reached XP level 9. HP: 20/45 MP: 9/29
 13419 | D:7      | Noticed Prince Ribbit
 13424 | D:7      | Killed Prince Ribbit
 14640 | D:8      | Reached * piety under Vehumet
 14640 | D:8      | Offered knowledge of Freeze by Vehumet.
 14641 | D:8      | Reached skill level 10 in Conjurations
 14945 | D:8      | Noticed a komodo dragon
 14972 | D:8      | Slain by a gnoll sergeant

Illustrated notes

Levels and vault maps discovered:
D:1:      elethiomel_arrival_shortcut, layout_basic,
          ebering_ecumenical_altar_webs, serial_forest,
          infiniplex_forest_lined_corner, infiniplex_forest_straight_2,
          infiniplex_forest_lined_3, infiniplex_forest_straight_4,
          infiniplex_forest_split, serial_shops, shop
D:2:      layout_basic, kennysheep_jessica_study
D:3:      layout_rooms, minmay_misc_feat_iff
D:4:      layout_cave_pools
D:5:      layout_loops_ring, uniq_blork_the_orc
D:6:      layout_basic, lemuel_temple_firewalk_b, gup_ossuary_entry_pyramid
D:7:      layout_loops_ring, minmay_misc_feat_encased, uniq_prince_ribbit1
D:8:      layout_basic, david_lair_shrubbed, ebering_ghost_reflecting_pool
Temple:   mainiacjoe_temple_coin_purse

Skill      XL: |  1  2  3  4  5  6  7  8  9 |
---------------+----------------------------+-----
Hexes          | 1 2 |  2.0
Translocations | 1 2 |  2.0
Spellcasting   | 4 6 7 9 11 14 | 14.0
Conjurations   | 6 10 | 10.6
Dodging        | |  2.4
Stealth        | |  2.4

Action                   |  1- 3 |  4- 6 |  7- 9 || total
-------------------------+-------+-------+-------++-------
Melee: Unarmed           |     7 |       |       ||     7
       Whip              |       |   155 |    81 ||   236
       Punch             |       |     1 |     2 ||     3
 Cast: Magic Dart        |    41 |     1 |       ||    42
       Searing Ray       |    20 |    17 |    42 ||    79
       Iskenderun's Myst |       |     2 |    65 ||    67
Evoke: Wand              |       |       |     1 ||     1
 Stab: Sleeping          |       |     5 |       ||     5
Armor: Robe              |     4 |    66 |    41 ||   111
Dodge: Dodged            |    20 |   125 |   120 ||   265
